 Dungeon Crawl Stone Soup version 0.31-a0-523-g071a6c1ffa (webtiles) character file.

Game seed: 10784673105923962592

599 zenocrate the Insei (level 7, -8/64 HPs)
             Began as an Octopode Shapeshifter on Aug 11, 2023.
             Mangled by Menkaure (12 damage)
             ... on level 5 of the Dungeon.
             The game lasted 00:04:54 (3422 turns).

zenocrate the Insei (Octopode Shapeshifter)         Turns: 3422, Time: 00:04:55

Health: -8/64      AC:  1    Str: 14    XL:     7   Next: 41%
Magic:  7/7        EV: 14    Int: 16    God:
Gold:   220        SH:  0    Dex: 15    Spells: 4/6 levels left

rFire   . .          .
                       - Unarmed
rCold   . . .        (no shield)
rNeg    . . .        (helmet currently unavailable)
rPois   .            s - amulet of the acrobat
rElec   .            j - +6 ring of intelligence
rCorr   .            (no ring)
SInv    .            (no ring)
Will    .....        (no ring) Stlth
                     (no ring)
HPRegen 0.30/turn    (no ring)
MPRegen 0.10/turn    (no ring)
                     (no ring)

%: acrobat
@: berserking, beast-form, studying Throwing, very quick
A: beast (slay +3), almost no armour, amphibious, 8 rings, camouflage 1,
gelatinous body 1, (nimble swimmer 1), tentacles
a: Begin Untransformation


You were on level 5 of the Dungeon.
You were a hulking beast.
You visited 1 branch of the dungeon, and saw 5 of its levels.

You collected 220 gold pieces.

Inventory:

Missiles
 h - 4 boomerangs (quivered)
Armour
 o - a +0 buckler
Jewellery
 f - an amulet of reflection
 j - a +6 ring of intelligence (left tentacle)
 s - an amulet of the acrobat (around mantle)
Talismans
 b - a beast talisman (active)
 c - a flux talisman
Scrolls
 a - a scroll of amnesia {unknown}
 i - a scroll of vulnerability {unknown}
 k - 2 scrolls of immolation {unknown}
 l - 2 scrolls of teleportation
 r - a scroll of enchant armour {unknown}
Potions
 d - a potion of heal wounds
 g - a potion of invisibility
 n - 2 potions of might
 p - a potion of enlightenment {unknown}
 q - a potion of lignification
 t - a potion of attraction {unknown}


   Skills:
 - Level 1.5 Fighting
 - Level 2.7 Throwing
 + Level 3.3 Dodging
 + Level 5.0 Unarmed Combat
 + Level 3.2 Translocations
 + Level 4.5 Shapeshifting


You had 4 spell levels left.
You knew the following spells:

 Your Spells              Type           Power      Damage    Failure   Level
x - Blink                 Tloc           20%        N/A       11%         2

Your spell library contained the following spells:

 Spells                   Type           Power      Damage    Failure   Level
 Lesser Beckoning         Tloc           20%        N/A       11%         2
 Momentum Strike          Conj/Tloc      10%        3d8       21%         2
 Conjure Ball Lightning   Conj/Air       0%         3x3d6     100%        6
 Discord                  Hex            0%         N/A       100%        8
 Disjunction              Tloc           5%         N/A       100%        8


Dungeon Overview and Level Annotations

Branches:
Dungeon (5/15)
 Temple: D:4-7

Altars:
Yredelemnul

Annotations:
D:5 Menkaure


Innate Abilities, Weirdness & Mutations

You are a hulking beast.
Your limbs bulge with bestial killing power. (Slay +3)
You cannot wear most types of armour.
You are amphibious.
You can wear up to eight rings at the same time.
Your skin changes colour to match your surroundings (Stealth+).
Your rubbery body absorbs attacks. (AC +1, EV +1)
((You are camouflaged when in or above water. (Stealth+)))
You have tentacles for arms and can constrict up to eight enemies at once.


Message History

You tentacle-slap the iguana. You squeeze the iguana!
You kill the iguana!
Your Unarmed Combat skill increases to level 5!
No target in view!
Menkaure, Prince of Dust comes into view.
You see here a +0 long sword.
Menkaure is nearby!
Menkaure is nearby!
Found 14 gold pieces.
Menkaure shouts!
Found 15 gold pieces.
Menkaure casts a spell at you. Pain shoots through your body!
Menkaure misses you.
You barely miss Menkaure. You grab Menkaure. You constrict Menkaure.
You tentacle-slap Menkaure.
Menkaure is lightly damaged.
You constrict Menkaure, but do no damage.
Menkaure hits you!!
Ouch! That really hurt!
You tentacle-slap Menkaure but do no damage.
Menkaure is lightly damaged.
You constrict Menkaure.
Menkaure calls on the powers of darkness!
Your body is wracked with pain!
* * * LOW HITPOINT WARNING * * *
Unknown command.
A red film seems to cover your vision as you go berserk!
You feel yourself moving faster!
You feel mighty!
You constrict Menkaure. Menkaure hits you!
* * * LOW HITPOINT WARNING * * *
Unknown command.
You tentacle-slap Menkaure.
Menkaure is moderately damaged.
You constrict Menkaure.
Unknown command.
You bludgeon Menkaure!
Menkaure is almost destroyed.
You constrict Menkaure. Menkaure hits you!
You die...

...####.... ....#.....
#.# ........# ##$##
#.....## #...# .......##
#...# . ..#.....## #...#
...
####.....######...##.###
# ##.....#..........#$.
#......)....hM...#..
##.####..........#..
#.## #####...##.#.. #.#
.....# #.. ## #.....# #
#.....# ##...... ##.####


You could see Menkaure.

Vanquished Creatures
  A water moccasin (D:4)
  Blork the orc (D:4)
  A scorpion (D:4)
  A jelly (D:4)
  2 iguanas
  2 orc priests (D:3)
  A sleepcap (D:4)
  An orc wizard (D:3)
  3 gnolls (D:3)
  3 adders
  An ufetubus (D:4)
  2 dart slugs
  3 worms (D:3)
  12 orcs
  8 endoplasms
  4 giant cockroaches
  3 goblins
  3 hobgoblins
  15 jackals
  3 kobolds
  6 quokkas
  6 ball pythons
  3 bats (D:3)
  3 frilled lizards
  4 rats
92 creatures vanquished.

Notes
Turn   | Place    | Note
-------+----------+-------------------------------------------
     0 | D:1      | zenocrate the Octopode Shapeshifter began the quest for the
                  | Orb.
     0 | D:1      | Reached XP level 1. HP: 13/13 MP: 1/1
   539 | D:1      | Reached XP level 2. HP: 18/18 MP: 2/2
   927 | D:2      | Found a faded altar of an unknown god.
   967 | D:2      | Reached XP level 3. HP: 23/23 MP: 3/3
   970 | D:2      | Learned a level 2 spell: Blink
  1509 | D:3      | Reached skill level 1 in Throwing
  1545 | D:3      | Reached XP level 4. HP: 28/28 MP: 4/4
  1571 | D:3      | Reached skill level 1 in Translocations
  1576 | D:3      | Reached XP level 5. HP: 30/33 MP: 5/5
  1592 | D:3      | Reached skill level 4 in Unarmed Combat
  2470 | D:4      | Noticed a water moccasin
  2477 | D:4      | Killed a water moccasin
  2478 | D:4      | Reached XP level 6. HP: 12/38 MP: 6/6
  2829 | D:4      | Reached XP level 7. HP: 41/43 MP: 7/7
  2837 | D:4      | Found a basalt altar of Yredelemnul.
  3169 | D:4      | Noticed Blork the orc
  3174 | D:4      | Killed Blork the orc
  3370 | D:5      | Entered Level 5 of the Dungeon
  3399 | D:5      | Reached skill level 5 in Unarmed Combat
  3411 | D:5      | Noticed Menkaure
  3420 | D:5      | HP: 3/64 [Menkaure (9)]
  3422 | D:5      | Mangled by Menkaure

Illustrated notes

Levels and vault maps discovered:
D:1:      dpeg_arrival_simpleton_b, layout_loops_cross,
          chequers_serial_rivers_room_a
D:2:      minmay_chambers_of_twos, layout_basic,
          hellmonk_ecumenical_altar_crossroads, minmay_misc_feat_more_columns
D:3:      layout_basic, st_stairs_7, hangedman_decor_clover_reticule
D:4:      layout_cave_pools, yredelemnul_altar_generic, uniq_blork_the_orc
D:5:      layout_loops_cross, amcnicky_altar_gilded, minmay_crossroads,
          uniq_menkaure, uniq_pikel

Skill      XL: |  1  2  3  4  5  6  7 |
---------------+----------------------+-----
Throwing       | 1 2 |  2.7
Translocations | 1 2 3 |  3.2
Unarmed Combat | 4 5 |  5.0
Shapeshifting  | 4 |  4.5
Dodging        | 3 |  3.3
Fighting       | |  1.5

Action                     |  1- 3 |  4- 6 |  7- 9 || total
---------------------------+-------+-------+-------++-------
  Melee: Unarmed           |    65 |    77 |    38 ||   180
         Constrict         |    18 |    21 |    13 ||    52
         Tentacles         |    12 |    18 |     8 ||    38
         Punch             |     1 |     2 |     2 ||     5
  Throw: Boomerang         |       |     9 |     1 ||    10
    Use: Scroll            |     1 |       |     4 ||     5
         Potion            |       |     1 |     1 ||     2
   Stab: Sleeping          |     4 |     3 |     4 ||    11
         Distracted        |       |     1 |       ||     1
 Armour: Skin              |     2 |     6 |     1 ||     9
  Dodge: Dodged            |    34 |    39 |    18 ||    91
  Block: Other             |    11 |     9 |       ||    20

Table legend: (Time is in decaauts)
 A = Elapsed time spent in this place.
 B = Non-inter-level travel time spent in this place.
 C = Inter-level travel time spent in this place.
 D = Time resting spent in this place.
 E = Time spent auto-exploring this place.
 F = Levels seen in this place.
 G = Mean time per level.
                   A        B        C        D        E       F      G
               +--------+--------+--------+--------+--------+-----+--------+
         Total |   3409 |   3314 |     95 |      7 |   2694 |   5 |  681.8 |
       Dungeon |   3409 |   3314 |     95 |      7 |   2694 |   5 |  681.8 |
               +--------+--------+--------+--------+--------+-----+--------+

Top non-repeatable levels by time:
     D:3: 968 daAuts
     D:4: 896 daAuts
     D:2: 855 daAuts
     D:1: 638 daAuts
     D:5: 50 daAuts
